 Dungeon Crawl Stone Soup version 0.18.1-1-g2f07953 (webtiles) character file.

27283 SoulRipperAdri the Cleaver (level 13, -4/122 HPs)
             Began as a Minotaur Berserker on Aug 5, 2016.
             Was the Champion of Trog.
             Succumbed to a black mamba's poison
             ... on level 4 of the Lair of Beasts on Aug 6, 2016.
             The game lasted 01:53:19 (20496 turns).

SoulRipperAdri the Cleaver (Minotaur Berserker)    Turns: 20496, Time: 01:53:19

Health: -4/122     AC: 24    Str: 25    XL:     13   Next: 3%
Magic:  4/4        EV: 12    Int:  7    God:    Trog [******]
Gold:   842        SH:  0    Dex: 16    Spells: 0 memorised, 12 levels left

rFire  + . .     SeeInvis .     Z - +3 broad axe (antimagic)
rCold  . . .     Gourm    .     J - +4 plate armour "Atsid" {Int+3 Dex+4}
rNeg   . . .     Faith    .     (no shield)
rPois  .         Spirit   .     m - +1 hat
rElec  .         Dismiss  .     (no cloak)
rCorr  .         Reflect  .     a - +0 pair of gloves
SustAt .         Harm     .     n - +0 pair of boots
MR     ++...                    (no amulet)
Stlth  ..........               b - +4 ring of slaying
                                O - ring of protection from fire

@: lethally poisoned (-4 -> -34), exhausted, regenerating, slowed, very slow,
very resistant to hostile enchantments, extremely unstealthy
A: retaliatory headbutt, horns 2
a: Berserk, Trog's Hand, Brothers in Arms, Burn Spellbooks, Renounce Religion


You were on level 4 of the Lair of Beasts.
You worshipped Trog.
Trog was exalted by your worship.
You were not hungry.

You visited 2 branches of the dungeon, and saw 15 of its levels.
You also visited: Labyrinth.

You collected 842 gold pieces.

Inventory:

Hand Weapons
 f - a +3 antimagic demon trident
 Q - a +0 war axe
 Z - a +3 antimagic broad axe (weapon)
Armour
 a - a +0 pair of gloves (worn)
 m - a +1 hat (worn)
 n - a +0 pair of boots (worn)
 J - the +4 plate armour "Atsid" (worn) {Int+3 Dex+4}
   (You found it on level 7 of the Dungeon)

   It affects your intelligence (+3).
   It affects your dexterity (+4).
Rods
 N - a +2 rod of ignition (12/12)
   (You found it on level 2 of the Lair of Beasts)
 Y - a +4 rod of shadows (10/10)
   (You found it in a labyrinth)
Jewellery
 b - a +4 ring of slaying (right hand)
 l - an uncursed ring of flight
 O - a ring of protection from fire (left hand)
 R - a +4 ring of slaying
 U - an uncursed amulet of dismissal {unknown}
Wands
 K - a wand of disintegration (12/24)
 S - a wand of digging (14/24)
Scrolls
 i - 4 scrolls of immolation
 k - 6 scrolls of identify
 o - 7 scrolls of remove curse
 p - 3 scrolls of amnesia
 q - a scroll of torment {unknown}
 t - a scroll of fear {unknown}
 v - 2 scrolls of teleportation {unknown}
 y - a scroll of enchant weapon {unknown}
 B - a scroll of brand weapon {unknown}
 C - a scroll of blinking {unknown}
 E - 6 scrolls of magic mapping
 L - a scroll of fog {unknown}
 T - a scroll of noise {unknown}
 W - a scroll of acquirement {unknown}
Potions
 d - 4 potions of might
 e - 2 potions of cure mutation {unknown}
 j - 8 potions of curing
 r - a potion of berserk rage {unknown}
 s - a potion of lignification {unknown}
 u - 2 potions of degeneration {unknown}
 w - a potion of brilliance {unknown}
 x - 2 potions of haste {unknown}
 z - 3 potions of mutation {unknown}
 A - 3 potions of magic {unknown}
 D - a potion of agility {unknown}
 H - 4 potions of flight {unknown}
 I - 2 potions of heal wounds {unknown}
 M - a potion of resistance
 P - 2 potions of cancellation {unknown}
 V - a potion of beneficial mutation {unknown}
Books
 h - a book of Party Tricks

   Spells                             Type                      Level
   a - Summon Butterflies             Summoning                    1
   b - Apportation                    Translocation                1
   c - Tukima's Dance                 Hexes                        3
   d - Alistair's Intoxication        Transmutation/Poison         5
   e - Invisibility                   Hexes                        6
   Trog disapproves of the use of such an item.
 G - a book of Flames

   Spells                             Type                      Level
   a - Flame Tongue                   Conjuration/Fire             1
   b - Throw Flame                    Conjuration/Fire             2
   c - Conjure Flame                  Conjuration/Fire             3
   d - Inner Flame                    Hexes/Fire                   3
   e - Sticky Flame                   Conjuration/Fire             4
   f - Fireball                       Conjuration/Fire             5
   Trog disapproves of the use of such an item.
Comestibles
 c - a bread ration
 g - 5 beef jerkies
 F - 2 royal jellies


   Skills:
 + Level 13.1 Fighting
 + Level 14.7 Axes
 + Level 14.2 Armour
 + Level 8.6 Dodging
 + Level 3.2 Stealth


You had 12 spell levels left.
You didn't know any spells.

Dungeon Overview and Level Annotations

Branches:
Dungeon (11/15)            Temple (0/1) D:4            Lair (4/8) D:10
  Snake (0/4) Lair:4
  Swamp: Lair:3-6    Shoals: Lair:3-6       Orc: D:9-12

Altars:
Ashenzari
Cheibriados
Dithmenos
Fedhas
Okawaru
Sif Muna
Trog
Vehumet
The Shining One

Shops:
D:4 (((   D:10 [   D:11 }

Portals:
Trove: D:11 (give 2 scrolls of acquirement)

Annotations:
D:3 exclusion: oklob plant


Innate Abilities, Weirdness & Mutations

You reflexively headbutt those who attack you in melee.
You have a pair of horns on your head.


Message History

You feel sick. The black mamba closely misses you. The black mamba bites you!
* * * LOW HITPOINT WARNING * * *
You are lethally poisoned!
The black mamba poisons you!
A wolf comes into view.
Your skin crawls.
You feel resistant to hostile enchantments.
You feel slightly more hungry.
* * * LOW HITPOINT WARNING * * *
You feel very sick.
The wolf howls!
The black mamba bites you but does no damage. x2
The black mamba bites you!
* * * LOW HITPOINT WARNING * * *
You are more poisoned.
The black mamba poisons you!
You slash the black mamba!
You kill the black mamba!
Trog accepts your kill.
You die...

††........ ##...#P.# ##
##..##P.##.# # .
..........## #. ..
.#...#.#...# .###(.#
..........## .....P#
#.#..P..#..######.....#.
.......†..###.##††.....#
......##..P.#)..@†.>P...
...........$.†..#.......
##...#####.P†#P.##.#..P.
#.P.. ######.# ## .##
...... h..# ..PP### ..P#
.... #..## ...# ..## P#


You could see a wolf.

Vanquished Creatures
  Gastronok (D:9)
  A minotaur (Lab)
  A vault guard (D:11)
  2 hydras
  Fannar (Lair:3)
  Erica (D:9)
  A hill giant (D:10)
  The ghost of Scattercatt the Geomancer, a novice GrEE of Sif Muna (D:6)
  9 black mambas
  The ghost of SoulRipperAdri the Covered, a novice MiBe of Trog (D:5)
  Psyche (D:9)
  3 komodo dragons
  A yaktaur (D:10)
  A troll (D:11)
  A polar bear (Lair:2)
  2 two-headed ogres
  2 shadows (Lab)
  Sigmund (D:4)
  22 yaks
  Eustachio (D:4)
  Grum (Lair:1)
  6 hippogriffs
  A basilisk (D:11)
  7 porcupines
  12 water moccasins
  A sky beast (D:10)
  6 black bears
  3 ice beasts
  5 orc warriors
  An eye of draining (D:9)
  A wasp (D:10)
  3 phantoms
  13 wolves
  A necrophage (D:8)
  7 ogres
  6 centaurs
  5 crocodiles
  11 giant frogs
  9 big kobolds
  A gnoll sergeant (D:9)
  5 scorpions
  9 killer bees
  An electric eel (D:6)
  3 howler monkeys
  6 crimson imps
  A giant frog zombie (D:9)
  2 quasits
  A centaur zombie (D:5)
  3 orc priests
  7 hounds
  3 jellies (D:8)
  A giant frog skeleton (D:10)
  4 iguanas
  14 orc wizards
  A gnoll shaman (D:7)
  2 centaur skeletons
  7 worker ants
  4 killer bee zombies
  A hound zombie (D:9)
  A mummy (D:5)
  2 hound skeletons
  4 worker ant zombies
  7 adders
  13 gnolls
  A howler monkey skeleton (D:7)
  4 river rats (Lair:3)
  2 shadow imps
  7 oozes
  2 adder zombies
  3 worms
  A dart slug (D:1)
  3 giant geckos
  25 orcs
  2 ball pythons
  5 giant cockroaches
  5 goblins
  9 hobgoblins
  22 jackals
  5 quokkas
  7 bats
  A giant gecko zombie (D:9)
  2 giant newts
  A jackal zombie (D:5)
  62 kobolds
  A kobold zombie (D:5)
  An orc zombie (D:5)
  A quokka skeleton (D:9)
  5 rats
  2 fungi
435 creatures vanquished.

Vanquished Creatures (others)
  An orc (D:6)
  A fungus (Lair:3)
2 creatures vanquished.

Grand Total: 437 creatures vanquished

Notes
Turn   | Place    | Note
--------------------------------------------------------------
     0 | D:1      | SoulRipperAdri the Minotaur Berserker began the quest for the Orb.
     0 | D:1      | Reached XP level 1. HP: 19/19 MP: 0/0
   141 | D:1      | Reached XP level 2. HP: 23/27 MP: 1/1
   548 | D:1      | Reached XP level 3. HP: 30/33 MP: 2/2
   593 | D:1      | Reached ** piety under Trog
  1447 | D:2      | Reached XP level 4. HP: 41/41 MP: 3/3
  1853 | D:3      | Found a bloodstained altar of Trog.
  1936 | D:3      | Found a blossoming altar of Fedhas.
  1965 | D:3      | Noticed an oklob plant
  2507 | D:4      | Found Xeiseih's Weapon Shop.
  2508 | D:4      | Noticed Sigmund
  2515 | D:4      | Reached skill level 5 in Fighting
  2515 | D:4      | Reached XP level 5. HP: 35/48 MP: 4/4
  2519 | D:4      | Killed Sigmund
  2519 | D:4      | Reached skill level 5 in Axes
  2519 | D:4      | Reached XP level 6. HP: 30/56 MP: 5/5
  2909 | D:4      | Noticed Eustachio
  2921 | D:4      | Killed Eustachio
  2921 | D:4      | Reached skill level 5 in Armour
  2921 | D:4      | Reached skill level 1 in Stealth
  2935 | D:4      | Reached XP level 7. HP: 24/61 MP: 6/6
  3172 | D:4      | Found Luufy's Antique Weapon Shoppe.
  3221 | D:4      | Found Jiv Xopt's Antique Weapon Boutique.
  3296 | D:4      | Reached skill level 5 in Dodging
  3301 | D:4      | Found a staircase to the Ecumenical Temple.
  3442 | D:4      | Found a shadowy altar of Dithmenos.
  3736 | D:5      | Entered Level 5 of the Dungeon
  3794 | D:5      | Noticed a two-headed ogre
  3799 | D:5      | Killed a two-headed ogre
  3799 | D:5      | Reached *** piety under Trog
  3850 | D:5      | Found a radiant altar of Vehumet.
  3857 | D:5      | Noticed SoulRipperAdri's ghost (novice MiBe)
  3869 | D:5      | Killed SoulRipperAdri's ghost
  3869 | D:5      | Reached XP level 8. HP: 61/71 MP: 7/7
  3870 | D:5      | You fall through a shaft for 3 floors!
  4494 | D:8      | Reached XP level 9. HP: 71/79 MP: 8/8
  4892 | D:8      | Found an iron altar of Okawaru.
  4893 | D:8      | Found a glowing golden altar of the Shining One.
  5760 | D:7      | Found a deep blue altar of Sif Muna.
  5772 | D:7      | Reached **** piety under Trog
  6010 | D:7      | Got a fine plate armour
  6021 | D:7      | Identified the +4 plate armour "Atsid" {Int+3 Dex+4} (You found it on level 7 of the Dungeon)
  6812 | D:6      | Reached XP level 10. HP: 84/90 MP: 9/9
  6820 | D:6      | Found a snail-covered altar of Cheibriados.
  6822 | D:6      | Found a shadowy altar of Dithmenos.
  7071 | D:6      | Reached ***** piety under Trog
  7113 | D:6      | Noticed Scattercatt's ghost (novice GrEE)
  7131 | D:6      | Killed Scattercatt's ghost
  7306 | D:6      | Reached skill level 10 in Axes
  8141 | D:9      | Noticed Gastronok
  8156 | D:9      | Killed Gastronok
  8156 | D:9      | Reached skill level 10 in Fighting
  8156 | D:9      | Reached skill level 10 in Armour
  8904 | D:9      | Found a shattered altar of Ashenzari.
  9218 | D:9      | Noticed Erica
  9232 | D:9      | Killed Erica
  9232 | D:9      | Reached XP level 11. HP: 96/100 MP: 10/10
  9610 | D:9      | Noticed Psyche
  9617 | D:9      | Killed Psyche
  9637 | D:10     | Entered Level 10 of the Dungeon
  9916 | D:10     | Noticed a hill giant
  9923 | D:10     | Killed a hill giant
 10711 | D:10     | Found Qoneo's Armour Emporium.
 10995 | D:10     | Reached ****** piety under Trog
 11022 | D:10     | Found a staircase to the Lair.
 11450 | D:11     | Found a labyrinth entrance.
 11452 | D:11     | Found Herph's Gadget Shop.
 11455 | D:11     | Received a gift from Trog
 11474 | Lab      | Entered a labyrinth
 14146 | Lab      | Noticed a minotaur
 14159 | Lab      | Killed a minotaur
 14958 | D:11     | Noticed a vault guard
 14974 | D:11     | Killed a vault guard
 15148 | D:11     | Found a portal to a secret trove of treasure.
 16308 | Lair:1   | Entered Level 1 of the Lair of Beasts
 16316 | Lair:1   | Reached XP level 12. HP: 110/112 MP: 3/11
 16357 | Lair:1   | Noticed Grum
 16373 | Lair:1   | Killed Grum
 16970 | Lair:1   | Found a bloodstained altar of Trog.
 18825 | Lair:2   | Noticed a six-headed hydra
 18834 | Lair:2   | Killed a 12-headed hydra
 19423 | Lair:3   | Noticed a four-headed hydra
 19442 | Lair:3   | Killed a 15-headed hydra
 20033 | Lair:3   | Noticed Fannar
 20042 | Lair:3   | Killed Fannar
 20394 | Lair:4   | Received a gift from Trog
 20468 | Lair:4   | Found a staircase to the Snake Pit.
 20494 | Lair:4   | Reached XP level 13. HP: 23/122 MP: 4/12
 20495 | Lair:4   | HP: 2/122 [black mamba (8)]
 20496 | Lair:4   | Succumbed to a black mamba's poison

Skill      XL: |  1  2  3  4  5  6  7  8  9 10 11 12 |
---------------+-------------------------------------+-----
Fighting       | 4 5 6 7 8 10 11 13 | 13.1
Axes           | 4 5 6 7 9 11 13 14 | 14.7
Dodging        | 3 4 5 6 7 8 |  8.6
Armour         | 3 4 5 6 7 9 10 12 14 | 14.2
Stealth        | 1 2 3 |  3.2

Action                   |  1- 3 |  4- 6 |  7- 9 | 10-12 | 13-15 || total
-------------------------+-------+-------+-------+-------+-------++-------
Melee: Hand axe          |    91 |    15 |       |       |       ||   106
       Headbutt          |    14 |    11 |    70 |   176 |       ||   271
       War axe           |       |    46 |   256 |   389 |       ||   691
       Broad axe         |       |       |       |   233 |     1 ||   234
Invok: Berserk           |       |     2 |     4 |    15 |       ||    21
       Trog's Hand       |       |       |     1 |     2 |     1 ||     4
  Use: Scroll            |     1 |       |     1 |     4 |       ||     6
  Eat: Meat ration       |     1 |     1 |     2 |     4 |       ||     8
       Fruit             |     1 |       |     1 |     8 |       ||    10
       Chunk             |       |       |     2 |       |       ||     2
       Royal jelly       |       |       |       |     9 |       ||     9
       Bread ration      |       |       |       |     3 |       ||     3
       Beef jerky        |       |       |       |     2 |       ||     2
       Pizza             |       |       |       |     1 |       ||     1
Armor: Animal skin       |     3 |       |       |       |       ||     3
       Scale mail        |    40 |     1 |       |       |       ||    41
       Ring mail         |       |    20 |    54 |       |       ||    74
       Plate armour      |       |       |    50 |   500 |     2 ||   552
Dodge: Dodged            |    51 |    47 |   196 |   417 |     1 ||   712
